Reign vs Admirals
Created - April 21, 2021 at 19:20
Goals
|
Reign |
1 |
1 |
2 |
0 |
1 |
4 |
Admirals |
1 |
0 |
3 |
0 |
2 |
5 |
|
Shots
|
Reign |
6 |
10 |
14 |
4 |
4 |
34 |
Admirals |
11 |
10 |
17 |
1 |
4 |
39 |
|
1st period
1. Reign , Brendan Lemieux 20 (Griffin Reinhart 32) at 7:26
2. Admirals , Scott Laughton 54 (Nicolas Kerdiles 54, Joel Armia 43) at 9:05 (PP)
Penalties :
Josh Manson (Ont) for Hooking (Minor) at 7:48, Scott Laughton (Mil) for Holding (Minor) at 16:35, Kurtis Macdermid (Ont) for Delaying the game (Minor) at 19:07
2nd period
3. Reign , Daultan Leveillé 35 (Mikko Rantanen 41, Jonathan Drouin 49) at 8:37
Penalties :
Travis Dermott (Mil) for Roughing (Minor) at 4:41, Joel Armia (Mil) for High sticking (Minor) at 14:16, Jordan Greenway (Ont) for Interference (Minor) at 18:24
3rd period
4. Admirals , Joel Armia 24 (Nicolas Kerdiles 55, Mat Clark 41) at 0:47
5. Admirals , Josh Morrissey 11 (Anton Gustafsson 32, Joel Armia 44) at 6:22 (PP)
6. Admirals , Scott Laughton 55 (Mat Clark 42, Joel Armia 45) at 9:38
7. Reign , Alex Iafallo 15 (Ryan Hartman 28, Zach Werenski 56) at 9:52
8. Reign , Brendan Lemieux 21 (Josh Manson 11, Jake Allen) at 11:30
Penalties :
Josh Manson (Ont) for Hooking (Minor) at 5:21, Travis Dermott (Mil) for Roughing (Minor) at 19:52
Overtime #1
No Goal
Penalties :
No Penalty
Shootout
Reign, Lars Eller - Shot Misses the Net
Admirals, Markus Granlund - Shot Misses the Net
Reign, Mikko Rantanen - Shot Misses the Net
Admirals, Scott Laughton - Shot Misses the Net
Reign, Mark Stone - Goal!
Admirals, Blake Geoffrion - Goal!
Reign, Daultan Leveillé - Stopped by Niklas Svedberg
Admirals, Anton Gustafsson - Goal!
Penalties :
No Penalty
Goalie Stats
Jake Allen (Ont), 35 saves from 39 shots - (0.897), OTL, 15-10-3, 65:00 minutes
Niklas Svedberg (Mil), 30 saves from 34 shots - (0.882), W, 27-9-3, 65:00 minutes
Players Stats for Reign
Player Name G A P +/- PIM S H SB GA TA FO MP PP MP PK MP
------------------------------------------------------------------------------------
Alex Iafallo 1 0 1 1 0 1 0 0 1 0 1/1 15:25 3:05 0:21
Brendan Lemieux 2 0 2 1 0 3 1 1 1 0 2/3 16:57 2:56 0:44
Daultan Leveillé 1 0 1 1 0 2 1 0 0 0 6/16 17:05 0:02 1:39
Derek Forbort 0 0 0 0 0 0 0 0 0 0 0/0 6:37 0:00 2:07
Dmitri Orlov 0 0 0 1 0 1 4 0 0 1 0/0 14:36 2:47 2:07
Griffin Reinhart 0 1 1 1 0 1 0 0 0 1 0/0 22:11 3:17 0:00
Jonathan Drouin 0 1 1 1 0 1 0 0 1 1 3/5 20:32 2:57 0:00
Jordan Greenway 0 0 0 -1 2 0 0 0 0 0 0/0 7:27 0:00 0:00
Josh Anderson 0 0 0 0 0 1 0 1 0 0 0/0 7:14 0:00 0:00
Josh Manson 0 1 1 0 4 0 1 1 0 1 0/0 21:45 0:00 2:39
Kurtis Macdermid 0 0 0 0 2 0 0 0 0 0 0/0 5:09 0:00 0:00
Lars Eller 0 0 0 1 0 1 2 0 1 1 4/11 10:53 0:00 0:00
Mark Stone 0 0 0 1 0 2 2 0 1 1 5/6 18:42 3:05 0:00
Matt Roy 0 0 0 1 0 0 0 0 0 1 0/0 9:40 0:00 0:00
Mike Amadio 0 0 0 -1 0 3 0 0 1 0 2/5 12:30 0:05 4:13
Mikko Rantanen 0 1 1 1 0 4 3 1 0 0 2/2 20:12 2:57 0:00
Nikita Zadorov 0 0 0 0 0 5 0 6 0 4 0/0 26:32 2:47 4:09
Ryan Hartman 0 1 1 1 0 4 1 0 0 2 0/1 17:13 3:05 1:39
Sergey Kalinin 0 0 0 0 0 0 1 1 0 0 6/18 18:51 0:00 3:56
Zach Werenski 0 1 1 1 0 5 2 2 0 2 0/0 24:09 3:17 1:30
Players Stats for Admirals
Player Name G A P +/- PIM S H SB GA TA FO MP PP MP PK MP
------------------------------------------------------------------------------------
Adam Almquist 0 0 0 0 0 0 1 0 0 0 0/0 5:54 0:00 0:00
Andreas Englund 0 0 0 -1 0 0 1 0 1 1 0/0 13:07 0:00 4:38
Anton Gustafsson 0 1 1 -1 0 3 2 3 1 1 9/21 19:59 1:58 4:24
Blake Geoffrion 0 0 0 -1 0 3 4 1 1 0 0/0 15:35 1:58 0:00
Brett Connolly 0 0 0 -1 0 4 1 0 0 0 0/0 6:32 0:00 0:00
Carl Dahlstrom 0 0 0 0 0 0 0 0 0 0 0/0 0:24 0:00 0:06
Chris Lawrence 0 0 0 -1 0 4 0 0 2 2 0/0 11:20 0:00 0:00
Christian Djoos 0 0 0 0 0 0 0 0 0 0 0/0 9:35 0:00 3:12
Freddie Hamilton 0 0 0 0 0 0 0 0 0 0 0/0 2:59 0:00 1:46
Hunter Shinkaruk 0 0 0 -1 0 1 0 0 0 0 0/1 11:14 0:00 0:09
Joel Armia 1 3 4 1 2 2 2 1 2 0 1/1 20:51 4:18 0:00
Josh Morrissey 1 0 1 1 0 3 3 4 3 0 0/0 28:16 3:59 4:38
Lucas Wallmark 0 0 0 -1 0 0 0 0 0 0 1/2 6:32 0:00 0:00
Mark McNeill 0 0 0 -1 0 0 3 0 0 0 0/0 16:39 1:58 0:19
Markus Granlund 0 0 0 -1 0 3 0 0 2 1 2/4 13:59 0:00 1:21
Mat Clark 0 2 2 1 0 1 1 1 0 0 0/0 27:19 3:59 3:12
Mattias Backman 0 0 0 -1 0 1 0 0 0 0 0/0 8:29 0:00 0:00
Nicolas Deslauriers 0 0 0 -1 0 1 0 0 0 0 0/0 9:40 0:00 2:37
Nicolas Kerdiles 0 2 2 1 0 3 0 0 1 0 2/2 24:54 4:18 3:18
Scott Laughton 2 0 2 1 2 7 4 0 2 1 22/37 21:42 4:18 0:06
T.J Brodie 0 0 0 -2 0 1 3 0 0 0 0/0 18:16 2:17 0:00
Travis Dermott 0 0 0 -2 4 2 1 1 0 0 0/0 18:20 2:17 0:00
Trevor Van Riemsdyk 0 0 0 0 0 0 0 0 0 0 0/0 0:24 0:00 0:06
3 Stars
1 - Joel Armia (Mil)
2 - Scott Laughton (Mil)
3 - Brendan Lemieux (Ont)
Power Play
Reign - 0 on 4 Attempt(s) - 0.00%
Admirals - 2 on 4 Attempt(s) - 50.00%
Penalty Kill
Reign - 2 on 4 Attempt(s) - 50.00%
- Score 0 goal in Penalty Kill
Admirals - 4 on 4 Attempt(s) - 100.00%
- Score 0 goal in Penalty Kill
Team Stat
Reign - Hits : 18 - Faceoff Wins : 31 - Blocked Shots : 13 - Penalty Minutes : 8
Admirals - Hits : 26 - Faceoff Wins : 37 - Blocked Shots : 11 - Penalty Minutes : 8
Official
Referees : Unknown
Linesman : Unknown
Game Notes
No Game Note
Finance
Level 1 -- Attendance: 1342 (67.10%) -- Ticket Income $53,680
Level 2 -- Attendance: 645 (64.50%) -- Ticket Income $12,900
Total Attendance: 1987 (66.23%)
Total Ticket Income: $66,580
Other Income: $3,329
Total Income: $69,909
Reign
5 vs 5 Forward
Center Left Wing Right Wing Time % Phy DF OF
1 Daultan Leveillé Jonathan Drouin Mikko Rantanen 35 1 2 2
2 Sergey Kalinin Brendan Lemieux Mark Stone 30 1 2 2
3 Lars Eller Alex Iafallo Ryan Hartman 25 1 2 2
4 Mike Amadio Jordan Greenway Josh Anderson 10 1 2 2
5 vs 5 Defense
Defense Defense Time % Phy DF OF
1 Griffin Reinhart Josh Manson 35 1 3 1
2 Nikita Zadorov Zach Werenski 35 1 3 1
3 Dmitri Orlov Matt Roy 20 1 3 1
4 Kurtis Macdermid Derek Forbort 10 1 3 1
PowerPlay Forward
Center Left Wing Right Wing Time % Phy DF OF
1 Jonathan Drouin Brendan Lemieux Mikko Rantanen 60 1 2 2
2 Mark Stone Alex Iafallo Ryan Hartman 40 1 2 2
PowerPlay Defense
Defense Defense Time % Phy DF OF
1 Griffin Reinhart Zach Werenski 60 1 2 2
2 Dmitri Orlov Nikita Zadorov 40 1 2 2
Penalty Kill 4 Players Forward
Center Wing Time % Phy DF OF
1 Sergey Kalinin Mike Amadio 60 1 2 2
2 Daultan Leveillé Ryan Hartman 40 1 2 2
Penalty Kill 4 Players Defense
Defense Defense Time % Phy DF OF
1 Nikita Zadorov Josh Manson 60 1 2 2
2 Derek Forbort Dmitri Orlov 40 1 2 2
Penalty Kill - 3 Players Forward
Forward Time % Phy DF OF
1 Sergey Kalinin 60 1 2 2
2 Daultan Leveillé 40 1 2 2
Penalty Kill - 3 Players Defense
Defense Defense Time % Phy DF OF
1 Josh Manson Nikita Zadorov 60 1 2 2
2 Derek Forbort Dmitri Orlov 40 1 2 2
4 vs 4 Forward
Center Wing Time % Phy DF OF
1 Mark Stone Jonathan Drouin 60 1 2 2
2 Mikko Rantanen Ryan Hartman 40 1 2 2
4 vs 4 Defense
Defense Defense Time % Phy DF OF
1 Nikita Zadorov Zach Werenski 60 1 2 2
2 Josh Manson Griffin Reinhart 40 1 2 2
Last Minutes Offensive
Center Left Wing Right Wing Defense Defense
Daultan Leveillé Jonathan Drouin Mikko Rantanen Griffin Reinhart Zach Werenski
Last Minutes Defensive
Center Left Wing Right Wing Defense Defense
Daultan Leveillé Brendan Lemieux Ryan Hartman Nikita Zadorov Josh Manson
Goaltenders
Starting : Jake Allen
Backup : Elvis Merzlikins
Extra Forwards
Normal : Mikko Rantanen, Ryan Hartman, Mark Stone - PP : Mike Amadio, Daultan Leveillé - PK : Brendan Lemieux
Extra Defensemen
Normal : Zach Werenski, Josh Manson, Nikita Zadorov - PP : Matt Roy - PK : Zach Werenski, Griffin Reinhart
Penalty Shots
Lars Eller, Mikko Rantanen, Mark Stone, Daultan Leveillé, Ryan Hartman
Scratches
Jordan Weal (Healthy), Blake Lizotte (Healthy), Bokondji Imama (Healthy), Joel Vermin (Healthy), Cal Petersen (Healthy)
Admirals
5 vs 5 Forward
Center Left Wing Right Wing Time % Phy DF OF
1 Scott Laughton Nicolas Kerdiles Joel Armia 40 1 2 2
2 Anton Gustafsson Blake Geoffrion Mark McNeill 30 1 2 2
3 Markus Granlund Hunter Shinkaruk Chris Lawrence 20 1 2 2
4 Lucas Wallmark Nicolas Deslauriers Brett Connolly 10 1 2 2
5 vs 5 Defense
Defense Defense Time % Phy DF OF
1 Mat Clark Josh Morrissey 40 1 2 2
2 T.J Brodie Travis Dermott 30 1 2 2
3 Andreas Englund Mattias Backman 20 1 2 2
4 Christian Djoos Adam Almquist 10 1 2 2
PowerPlay Forward
Center Left Wing Right Wing Time % Phy DF OF
1 Scott Laughton Nicolas Kerdiles Joel Armia 60 1 2 2
2 Anton Gustafsson Blake Geoffrion Mark McNeill 40 1 2 2
PowerPlay Defense
Defense Defense Time % Phy DF OF
1 Mat Clark Josh Morrissey 60 1 2 2
2 T.J Brodie Travis Dermott 40 1 2 2
Penalty Kill 4 Players Forward
Center Wing Time % Phy DF OF
1 Anton Gustafsson Nicolas Kerdiles 60 1 2 2
2 Markus Granlund Nicolas Deslauriers 40 1 2 2
Penalty Kill 4 Players Defense
Defense Defense Time % Phy DF OF
1 Andreas Englund Josh Morrissey 60 1 2 2
2 Mat Clark Christian Djoos 40 1 2 2
Penalty Kill - 3 Players Forward
Forward Time % Phy DF OF
1 Anton Gustafsson 60 1 2 2
2 Mark McNeill 40 1 2 2
Penalty Kill - 3 Players Defense
Defense Defense Time % Phy DF OF
1 Andreas Englund Josh Morrissey 60 1 2 2
2 Mat Clark Christian Djoos 40 1 2 2
4 vs 4 Forward
Center Wing Time % Phy DF OF
1 Scott Laughton Nicolas Kerdiles 60 1 2 2
2 Markus Granlund Joel Armia 40 1 2 2
4 vs 4 Defense
Defense Defense Time % Phy DF OF
1 Mat Clark Josh Morrissey 60 1 2 2
2 T.J Brodie Travis Dermott 40 1 2 2
Last Minutes Offensive
Center Left Wing Right Wing Defense Defense
Scott Laughton Nicolas Kerdiles Joel Armia Mat Clark Josh Morrissey
Last Minutes Defensive
Center Left Wing Right Wing Defense Defense
Markus Granlund Nicolas Deslauriers Mark McNeill Andreas Englund Josh Morrissey
Goaltenders
Starting : Niklas Svedberg
Backup : Tristan Jarry
Extra Forwards
Normal : Freddie Hamilton, Markus Granlund, Mark McNeill - PP : Freddie Hamilton, Hunter Shinkaruk - PK : Freddie Hamilton
Extra Defensemen
Normal : Trevor Van Riemsdyk, Mattias Backman, Adam Almquist - PP : Trevor Van Riemsdyk - PK : Carl Dahlstrom, Trevor Van Riemsdyk
Penalty Shots
Markus Granlund, Scott Laughton, Blake Geoffrion, Anton Gustafsson, Joel Armia
Scratches
Ryan Olsen (Healthy), Sergei Zborovskiy (Healthy), Filip Chlapik (Healthy), Stanislav Galiev (Healthy), Mark MacMillan (Healthy)
Troy Bourke (Healthy), Alexandre Mallet (Healthy), Riley Barber (Healthy), Josh Wesley (Healthy), Linus Ullmark (Healthy)
Felix Sanstrom (Healthy)
% Time on Ice - Reign
Lines # - Real PCT - Wanted PCT - Time Play
Normal Forward
1 - 35% - 35% - 16:44
2 - 28% - 30% - 13:11
3 - 22% - 25% - 10:41
4 - 15% - 10% - 7:04
Normal Defense
1 - 37% - 35% - 17:30
2 - 36% - 35% - 17:22
3 - 19% - 20% - 9:00
4 - 8% - 10% - 3:48
PP Forward
1 - 49% - 60% - 2:59
2 - 51% - 40% - 3:05
PP Defense
1 - 54% - 60% - 3:17
2 - 46% - 40% - 2:47
PK Forward
1 - 74% - 60% - 4:37
2 - 26% - 40% - 1:39
PK Defense
1 - 66% - 60% - 4:09
2 - 34% - 40% - 2:07
PK3 Forward
1 - 0% - 60%
2 - 0% - 40%
PK3 Defense
1 - 0% - 60%
2 - 0% - 40%
44 Forward
1 - 90% - 60% - 4:31
2 - 10% - 40% - 0:29
44 Defense
1 - 64% - 60% - 3:12
2 - 36% - 40% - 1:48
Last Minute Offensive - 0:00
Last Minute Defensive - 0:00
Total
Forward - 65:00
Defense - 65:00
|
% Time on Ice - Admirals
Lines # - Real PCT - Wanted PCT - Time Play
Normal Forward
1 - 34% - 40% - 16:11
2 - 29% - 30% - 13:56
3 - 23% - 20% - 11:01
4 - 14% - 10% - 6:32
Normal Defense
1 - 39% - 40% - 18:42
2 - 31% - 30% - 14:35
3 - 18% - 20% - 8:29
4 - 12% - 10% - 5:54
PP Forward
1 - 69% - 60% - 4:18
2 - 31% - 40% - 1:58
PP Defense
1 - 64% - 60% - 3:59
2 - 36% - 40% - 2:17
PK Forward
1 - 78% - 60% - 4:43
2 - 22% - 40% - 1:21
PK Defense
1 - 59% - 60% - 3:35
2 - 41% - 40% - 2:29
PK3 Forward
1 - 83% - 60% - 1:33
2 - 17% - 40% - 0:19
PK3 Defense
1 - 62% - 60% - 1:09
2 - 38% - 40% - 0:43
44 Forward
1 - 86% - 60% - 2:41
2 - 14% - 40% - 0:27
44 Defense
1 - 40% - 60% - 1:15
2 - 60% - 40% - 1:53
Last Minute Offensive - 0:00
Last Minute Defensive - 0:00
Total
Forward - 65:00
Defense - 65:00
|
Play-by-Play
1st period
0:01 of 1st period - Mikko Rantanen wins face-off versus Scott Laughton in neutral zone.
0:08 of 1st period - Wrist shot by Jonathan Drouin.
0:08 of 1st period - Shot Blocked by Mat Clark.
0:28 of 1st period - Slapshot by Griffin Reinhart.
0:28 of 1st period - Shot Blocked by Josh Morrissey.
2:18 of 1st period - Mattias Backman is hit by Lars Eller and loses puck.
2:41 of 1st period - Slapshot by Brett Connolly.
2:41 of 1st period - Stopped by Jake Allen with a rebound.
2:43 of 1st period - Slapshot by Mattias Backman.
2:43 of 1st period - Stopped by Jake Allen without a rebound.
2:44 of 1st period - Scott Laughton wins face-off versus Daultan Leveillé in Reign zone.
3:09 of 1st period - Scott Laughton is hit by Lars Eller and loses puck.
3:58 of 1st period - Snap shot by Markus Granlund.
3:58 of 1st period - Shot Misses the Net.
4:00 of 1st period - Backhand shot by Josh Morrissey.
4:00 of 1st period - Stopped by Jake Allen without a rebound.
4:01 of 1st period - Markus Granlund wins face-off versus Daultan Leveillé in Reign zone.
5:38 of 1st period - Snap shot by Chris Lawrence.
5:38 of 1st period - Deflect By Hunter Shinkaruk.
5:38 of 1st period - Shot Blocked by Josh Manson.
5:38 of 1st period - Puck is out of play.
5:39 of 1st period - Joel Armia wins face-off versus Sergey Kalinin in Reign zone.
5:40 of 1st period - Snap shot by Scott Laughton.
5:40 of 1st period - Deflect By Sergey Kalinin.
5:40 of 1st period - Stopped by Jake Allen with a rebound.
5:42 of 1st period - Snap shot by Joel Armia.
5:42 of 1st period - Shot Blocked by Nikita Zadorov.
5:44 of 1st period - Slapshot by Mat Clark.
5:44 of 1st period - Shot Blocked by Zach Werenski.
5:46 of 1st period - Slapshot by Josh Morrissey.
5:46 of 1st period - Deflect By Joel Armia.
5:46 of 1st period - Shot Blocked by Nikita Zadorov.
5:46 of 1st period - Puck is out of play.
5:47 of 1st period - Scott Laughton wins face-off versus Sergey Kalinin in Reign zone.
6:42 of 1st period - Snap shot by Nicolas Deslauriers.
6:42 of 1st period - Shot Blocked by Nikita Zadorov.
7:18 of 1st period - Wrist shot by Hunter Shinkaruk.
7:18 of 1st period - Stopped by Jake Allen with a rebound.
7:26 of 1st period - Snap shot by Brendan Lemieux.
7:26 of 1st period - Goal by Brendan Lemieux - Reign : 1 - Admirals : 0.
7:27 of 1st period - Anton Gustafsson wins face-off versus Daultan Leveillé in neutral zone.
7:40 of 1st period - Slapshot by Anton Gustafsson.
7:40 of 1st period - Shot Misses the Net.
7:48 of 1st period - Minor Penalty to Josh Manson for Hooking.
7:49 of 1st period - Sergey Kalinin wins face-off versus Scott Laughton in Reign zone.
8:16 of 1st period - Mike Amadio is hit by Josh Morrissey and loses puck.
9:05 of 1st period - Wrist shot by Scott Laughton.
9:05 of 1st period - Goal by Scott Laughton - Reign : 1 - Admirals : 1.
9:06 of 1st period - Anton Gustafsson wins face-off versus Lars Eller in neutral zone.
10:18 of 1st period - Nicolas Kerdiles is hit by Zach Werenski and loses puck.
11:35 of 1st period - Wrist shot by Mikko Rantanen.
11:35 of 1st period - Stopped by Niklas Svedberg with a rebound.
12:03 of 1st period - Snap shot by Anton Gustafsson.
12:03 of 1st period - Stopped by Jake Allen with a rebound.
12:17 of 1st period - Mikko Rantanen is hit by Adam Almquist.
12:53 of 1st period - Slapshot by Scott Laughton.
12:53 of 1st period - Shot Misses the Net.
12:55 of 1st period - Slapshot by Mat Clark.
12:55 of 1st period - Deflect By Nicolas Kerdiles.
12:55 of 1st period - Stopped by Jake Allen without a rebound.
12:56 of 1st period - Scott Laughton wins face-off versus Lars Eller in Reign zone.
12:59 of 1st period - Snap shot by Nicolas Kerdiles.
12:59 of 1st period - Deflect By Scott Laughton.
12:59 of 1st period - Stopped by Jake Allen without a rebound.
13:00 of 1st period - Scott Laughton wins face-off versus Lars Eller in Reign zone.
13:13 of 1st period - Snap shot by Ryan Hartman.
13:13 of 1st period - Shot Misses the Net.
13:15 of 1st period - Slapshot by Dmitri Orlov.
13:15 of 1st period - Stopped by Niklas Svedberg with a rebound.
13:37 of 1st period - Wrist shot by Joel Armia.
13:37 of 1st period - Shot Misses the Net.
14:03 of 1st period - Anton Gustafsson is hit by Daultan Leveillé and loses puck.
14:22 of 1st period - Wrist shot by Chris Lawrence.
14:22 of 1st period - Stopped by Jake Allen without a rebound.
14:23 of 1st period - Sergey Kalinin wins face-off versus Markus Granlund in Reign zone.
14:36 of 1st period - Slapshot by Mark Stone.
14:36 of 1st period - Shot Misses the Net.
14:38 of 1st period - Snap shot by Sergey Kalinin.
14:38 of 1st period - Shot Misses the Net.
14:48 of 1st period - Nikita Zadorov is hit by Blake Geoffrion and loses puck.
15:37 of 1st period - Snap shot by Brett Connolly.
15:37 of 1st period - Stopped by Jake Allen with a rebound.
15:39 of 1st period - Slapshot by Andreas Englund.
15:39 of 1st period - Shot Blocked by Josh Anderson.
15:49 of 1st period - Chris Lawrence is hit by Mark Stone and loses puck.
16:22 of 1st period - Wrist shot by Brendan Lemieux.
16:22 of 1st period - Stopped by Niklas Svedberg with a rebound.
16:24 of 1st period - Slapshot by Griffin Reinhart.
16:24 of 1st period - Shot Blocked by Anton Gustafsson.
16:26 of 1st period - Slapshot by Josh Manson.
16:26 of 1st period - Shot Blocked by Anton Gustafsson.
16:28 of 1st period - Snap shot by Sergey Kalinin.
16:28 of 1st period - Shot Misses the Net.
16:30 of 1st period - Snap shot by Mark Stone.
16:30 of 1st period - Stopped by Niklas Svedberg without a rebound.
16:31 of 1st period - Daultan Leveillé wins face-off versus Scott Laughton in Admirals zone.
16:35 of 1st period - Minor Penalty to Scott Laughton for Holding.
16:36 of 1st period - Jonathan Drouin wins face-off versus Anton Gustafsson in Admirals zone.
16:48 of 1st period - Wrist shot by Mikko Rantanen.
16:48 of 1st period - Shot Misses the Net.
16:50 of 1st period - Snap shot by Brendan Lemieux.
16:50 of 1st period - Shot Misses the Net.
17:02 of 1st period - Slapshot by Mark Stone.
17:02 of 1st period - Deflect By Ryan Hartman.
17:02 of 1st period - Shot Misses the Net.
17:02 of 1st period - Puck is out of play.
17:03 of 1st period - Alex Iafallo wins face-off versus Anton Gustafsson in Admirals zone.
18:04 of 1st period - Josh Morrissey is hit by Dmitri Orlov and loses puck.
18:35 of 1st period - Penalty to Scott Laughton is over, Scott Laughton is back on ice.
18:43 of 1st period - Wrist shot by Mike Amadio.
18:43 of 1st period - Stopped by Niklas Svedberg with a rebound.
19:07 of 1st period - Minor Penalty to Kurtis Macdermid for Delaying the game.
19:08 of 1st period - Scott Laughton wins face-off versus Sergey Kalinin in Reign zone.
19:31 of 1st period - Sergey Kalinin is hit by Blake Geoffrion and loses puck.
Goals for this period are 1 for Reign vs 1 for Admirals.
Shots for this period are 6 for Reign vs 11 for Admirals.
2nd period
0:01 of 2nd period - Scott Laughton wins face-off versus Sergey Kalinin in neutral zone.
0:26 of 2nd period - Josh Manson is hit by Josh Morrissey and loses puck.
0:45 of 2nd period - Ryan Hartman is hit by Scott Laughton and loses puck.
0:56 of 2nd period - Derek Forbort is hit by Joel Armia and loses puck.
1:07 of 2nd period - Penalty to Kurtis Macdermid is over, Kurtis Macdermid is back on ice.
1:07 of 2nd period - Mike Amadio is hit by T.J Brodie and loses puck.
1:48 of 2nd period - Slapshot by T.J Brodie.
1:48 of 2nd period - Stopped by Jake Allen without a rebound.
1:49 of 2nd period - Mikko Rantanen wins face-off versus Anton Gustafsson in Reign zone.
2:03 of 2nd period - Snap shot by Jonathan Drouin.
2:03 of 2nd period - Shot Misses the Net.
2:55 of 2nd period - Griffin Reinhart is hit by Brett Connolly and loses puck.
3:06 of 2nd period - Christian Djoos is hit by Mikko Rantanen and loses puck.
3:25 of 2nd period - Scott Laughton is hit by Mikko Rantanen.
3:57 of 2nd period - Josh Manson is hit by Josh Morrissey and loses puck.
4:10 of 2nd period - Alex Iafallo is hit by Blake Geoffrion and loses puck.
4:25 of 2nd period - Scott Laughton is hit by Dmitri Orlov and loses puck.
4:41 of 2nd period - Minor Penalty to Travis Dermott for Roughing.
4:42 of 2nd period - Brendan Lemieux wins face-off versus Anton Gustafsson in Admirals zone.
4:42 of 2nd period - Snap shot by Mikko Rantanen.
4:42 of 2nd period - Stopped by Niklas Svedberg with a rebound.
4:44 of 2nd period - Snap shot by Zach Werenski.
4:44 of 2nd period - Stopped by Niklas Svedberg without a rebound.
4:45 of 2nd period - Anton Gustafsson wins face-off versus Jonathan Drouin in Admirals zone.
5:30 of 2nd period - Nicolas Kerdiles is hit by Brendan Lemieux and loses puck.
6:41 of 2nd period - Penalty to Travis Dermott is over, Travis Dermott is back on ice.
6:54 of 2nd period - Snap shot by Mike Amadio.
6:54 of 2nd period - Shot Misses the Net.
6:58 of 2nd period - Snap shot by Josh Anderson.
6:58 of 2nd period - Deflect By Jordan Greenway.
6:58 of 2nd period - Shot Misses the Net.
6:58 of 2nd period - Puck is out of play.
6:59 of 2nd period - Scott Laughton wins face-off versus Mike Amadio in Admirals zone.
7:20 of 2nd period - Slapshot by Mikko Rantanen.
7:20 of 2nd period - Stopped by Niklas Svedberg without a rebound.
7:21 of 2nd period - Anton Gustafsson wins face-off versus Daultan Leveillé in Admirals zone.
7:27 of 2nd period - Off-side.
7:28 of 2nd period - Scott Laughton wins face-off versus Daultan Leveillé in neutral zone.
7:37 of 2nd period - Wrist shot by Scott Laughton.
7:37 of 2nd period - Stopped by Jake Allen with a rebound.
8:17 of 2nd period - Slapshot by Zach Werenski.
8:17 of 2nd period - Stopped by Niklas Svedberg without a rebound.
8:18 of 2nd period - Mike Amadio wins face-off versus Markus Granlund in Admirals zone.
8:19 of 2nd period - Slapshot by Zach Werenski.
8:19 of 2nd period - Shot Hit the Post.
8:21 of 2nd period - Slapshot by Zach Werenski.
8:21 of 2nd period - Shot Misses the Net.
8:23 of 2nd period - Snap shot by Josh Anderson.
8:23 of 2nd period - Stopped by Niklas Svedberg with a rebound.
8:25 of 2nd period - Slapshot by Nikita Zadorov.
8:25 of 2nd period - Stopped by Niklas Svedberg without a rebound.
8:26 of 2nd period - Jonathan Drouin wins face-off versus Scott Laughton in Admirals zone.
8:35 of 2nd period - Slapshot by Mikko Rantanen.
8:35 of 2nd period - Shot Blocked by Travis Dermott.
8:37 of 2nd period - Wrist shot by Daultan Leveillé.
8:37 of 2nd period - Goal by Daultan Leveillé - Reign : 2 - Admirals : 1.
8:38 of 2nd period - Scott Laughton wins face-off versus Jonathan Drouin in neutral zone.
9:03 of 2nd period - Mark Stone is hit by Anton Gustafsson and loses puck.
9:08 of 2nd period - Snap shot by Anton Gustafsson.
9:08 of 2nd period - Stopped by Jake Allen without a rebound.
9:09 of 2nd period - Scott Laughton wins face-off versus Sergey Kalinin in Reign zone.
9:36 of 2nd period - Icing by Joel Armia.
9:37 of 2nd period - Lars Eller wins face-off versus Scott Laughton in Admirals zone.
9:38 of 2nd period - Slapshot by Zach Werenski.
9:38 of 2nd period - Stopped by Niklas Svedberg without a rebound.
9:39 of 2nd period - Anton Gustafsson wins face-off versus Lars Eller in Admirals zone.
9:50 of 2nd period - Snap shot by Lars Eller.
9:50 of 2nd period - Stopped by Niklas Svedberg without a rebound.
9:51 of 2nd period - Scott Laughton wins face-off versus Daultan Leveillé in Admirals zone.
10:02 of 2nd period - Wrist shot by Nicolas Kerdiles.
10:02 of 2nd period - Stopped by Jake Allen with a rebound.
10:04 of 2nd period - Slapshot by Josh Morrissey.
10:04 of 2nd period - Stopped by Jake Allen without a rebound.
10:05 of 2nd period - Scott Laughton wins face-off versus Sergey Kalinin in Reign zone.
10:58 of 2nd period - Griffin Reinhart is hit by Mat Clark.
10:59 of 2nd period - Icing by Griffin Reinhart.
11:00 of 2nd period - Lars Eller wins face-off versus Scott Laughton in Reign zone.
11:00 of 2nd period - Lars Eller is hit by Scott Laughton.
11:27 of 2nd period - Jonathan Drouin is hit by T.J Brodie and loses puck.
11:58 of 2nd period - Snap shot by Markus Granlund.
11:58 of 2nd period - Shot Misses the Net.
12:31 of 2nd period - Snap shot by Nicolas Deslauriers.
12:31 of 2nd period - Stopped by Jake Allen with a rebound.
12:33 of 2nd period - Slapshot by Nicolas Deslauriers.
12:33 of 2nd period - Shot Misses the Net.
13:07 of 2nd period - Wrist shot by Nicolas Kerdiles.
13:07 of 2nd period - Shot Misses the Net.
13:23 of 2nd period - Jonathan Drouin is hit by Scott Laughton and loses puck.
13:27 of 2nd period - Icing by Jonathan Drouin.
13:28 of 2nd period - Daultan Leveillé wins face-off versus Anton Gustafsson in Reign zone.
13:28 of 2nd period - Daultan Leveillé is hit by Mark McNeill.
14:02 of 2nd period - Wrist shot by Markus Granlund.
14:02 of 2nd period - Stopped by Jake Allen without a rebound.
14:03 of 2nd period - Brendan Lemieux wins face-off versus Scott Laughton in Reign zone.
14:03 of 2nd period - Brendan Lemieux is hit by Scott Laughton.
14:16 of 2nd period - Minor Penalty to Joel Armia for High sticking.
14:17 of 2nd period - Mark Stone wins face-off versus Anton Gustafsson in Admirals zone.
14:24 of 2nd period - Slapshot by Ryan Hartman.
14:24 of 2nd period - Stopped by Niklas Svedberg without a rebound.
14:25 of 2nd period - Anton Gustafsson wins face-off versus Mark Stone in Admirals zone.
16:16 of 2nd period - Penalty to Joel Armia is over, Joel Armia is back on ice.
16:20 of 2nd period - Wrist shot by Markus Granlund.
16:20 of 2nd period - Shot Misses the Net.
16:22 of 2nd period - Snap shot by Markus Granlund.
16:22 of 2nd period - Stopped by Jake Allen with a rebound.
16:24 of 2nd period - Snap shot by Markus Granlund.
16:24 of 2nd period - Stopped by Jake Allen with a rebound.
16:26 of 2nd period - Slapshot by Mat Clark.
16:26 of 2nd period - Deflect By Markus Granlund.
16:26 of 2nd period - Shot Misses the Net.
16:26 of 2nd period - Puck is out of play.
16:27 of 2nd period - Markus Granlund wins face-off versus Mike Amadio in Reign zone.
16:40 of 2nd period - Slapshot by Chris Lawrence.
16:40 of 2nd period - Stopped by Jake Allen without a rebound.
16:41 of 2nd period - Lars Eller wins face-off versus Scott Laughton in Reign zone.
16:57 of 2nd period - Off-side.
16:58 of 2nd period - Sergey Kalinin wins face-off versus Anton Gustafsson in neutral zone.
17:50 of 2nd period - T.J Brodie is hit by Ryan Hartman and loses puck.
18:04 of 2nd period - Off-side.
18:05 of 2nd period - Lucas Wallmark wins face-off versus Mike Amadio in neutral zone.
18:24 of 2nd period - Minor Penalty to Jordan Greenway for Interference.
18:25 of 2nd period - Sergey Kalinin wins face-off versus Scott Laughton in Reign zone.
18:30 of 2nd period - Icing by Josh Morrissey.
18:31 of 2nd period - Scott Laughton wins face-off versus Sergey Kalinin in Admirals zone.
19:11 of 2nd period - Daultan Leveillé is hit by Mark McNeill and loses puck.
Goals for this period are 1 for Reign vs 0 for Admirals.
Shots for this period are 10 for Reign vs 10 for Admirals.
3rd period
0:01 of 3rd period - Sergey Kalinin wins face-off versus Scott Laughton in neutral zone.
0:06 of 3rd period - Snap shot by Sergey Kalinin.
0:06 of 3rd period - Shot Blocked by Josh Morrissey.
0:08 of 3rd period - Wrist shot by Nikita Zadorov.
0:08 of 3rd period - Stopped by Niklas Svedberg with a rebound.
0:10 of 3rd period - Slapshot by Nikita Zadorov.
0:10 of 3rd period - Shot Blocked by Josh Morrissey.
0:14 of 3rd period - Snap shot by Mike Amadio.
0:14 of 3rd period - Stopped by Niklas Svedberg without a rebound.
0:15 of 3rd period - Scott Laughton wins face-off versus Sergey Kalinin in Admirals zone.
0:20 of 3rd period - Slapshot by Josh Morrissey.
0:20 of 3rd period - Shot Misses the Net.
0:22 of 3rd period - Snap shot by Mat Clark.
0:22 of 3rd period - Stopped by Jake Allen without a rebound.
0:23 of 3rd period - Nicolas Kerdiles wins face-off versus Sergey Kalinin in Reign zone.
0:24 of 3rd period - Penalty to Jordan Greenway is over, Jordan Greenway is back on ice.
0:37 of 3rd period - Snap shot by Nicolas Kerdiles.
0:37 of 3rd period - Shot Blocked by Nikita Zadorov.
0:39 of 3rd period - Slapshot by Mat Clark.
0:39 of 3rd period - Shot Misses the Net.
0:41 of 3rd period - Backhand shot by Joel Armia.
0:41 of 3rd period - Shot Misses the Net.
0:47 of 3rd period - Snap shot by Joel Armia.
0:47 of 3rd period - Goal by Joel Armia - Reign : 2 - Admirals : 2.
0:48 of 3rd period - Scott Laughton wins face-off versus Sergey Kalinin in neutral zone.
0:51 of 3rd period - Zach Werenski is hit by Joel Armia and loses puck.
1:50 of 3rd period - Wrist shot by Lars Eller.
1:50 of 3rd period - Shot Misses the Net.
2:08 of 3rd period - Slapshot by Brett Connolly.
2:08 of 3rd period - Stopped by Jake Allen without a rebound.
2:09 of 3rd period - Scott Laughton wins face-off versus Brendan Lemieux in Reign zone.
2:34 of 3rd period - Daultan Leveillé is hit by Anton Gustafsson and loses puck.
3:18 of 3rd period - Snap shot by Mike Amadio.
3:18 of 3rd period - Shot Hit the Post.
3:20 of 3rd period - Slapshot by Matt Roy.
3:20 of 3rd period - Deflect By Josh Anderson.
3:20 of 3rd period - Shot Misses the Net.
3:20 of 3rd period - Puck is out of play.
3:21 of 3rd period - Mike Amadio wins face-off versus Lucas Wallmark in Admirals zone.
3:32 of 3rd period - Slapshot by Nikita Zadorov.
3:32 of 3rd period - Deflect By Travis Dermott.
3:32 of 3rd period - Stopped by Niklas Svedberg without a rebound.
3:33 of 3rd period - Scott Laughton wins face-off versus Sergey Kalinin in Admirals zone.
4:08 of 3rd period - Slapshot by Travis Dermott.
4:08 of 3rd period - Shot Blocked by Brendan Lemieux.
4:32 of 3rd period - Zach Werenski is hit by Blake Geoffrion and loses puck.
4:53 of 3rd period - Snap shot by Brett Connolly.
4:53 of 3rd period - Stopped by Jake Allen without a rebound.
4:54 of 3rd period - Scott Laughton wins face-off versus Daultan Leveillé in Reign zone.
4:58 of 3rd period - Icing by Mikko Rantanen.
4:59 of 3rd period - Daultan Leveillé wins face-off versus Scott Laughton in Reign zone.
5:21 of 3rd period - Minor Penalty to Josh Manson for Hooking.
5:22 of 3rd period - Scott Laughton wins face-off versus Sergey Kalinin in Reign zone.
5:31 of 3rd period - Wrist shot by Nicolas Kerdiles.
5:31 of 3rd period - Shot Blocked by Nikita Zadorov.
6:22 of 3rd period - Slapshot by Josh Morrissey.
6:22 of 3rd period - Goal by Josh Morrissey - Reign : 2 - Admirals : 3.
6:23 of 3rd period - Daultan Leveillé wins face-off versus Anton Gustafsson in neutral zone.
6:55 of 3rd period - Slapshot by Travis Dermott.
6:55 of 3rd period - Stopped by Jake Allen with a rebound.
7:15 of 3rd period - Griffin Reinhart is hit by Travis Dermott and loses puck.
7:40 of 3rd period - Snap shot by Chris Lawrence.
7:40 of 3rd period - Stopped by Jake Allen with a rebound.
8:06 of 3rd period - Nikita Zadorov is hit by Mark McNeill.
8:10 of 3rd period - Mark McNeill is hit by Dmitri Orlov and loses puck.
8:17 of 3rd period - Slapshot by Andreas Englund.
8:17 of 3rd period - Shot Blocked by Sergey Kalinin.
8:19 of 3rd period - Snap shot by Blake Geoffrion.
8:19 of 3rd period - Stopped by Jake Allen with a rebound.
8:21 of 3rd period - Wrist shot by Anton Gustafsson.
8:21 of 3rd period - Shot Misses the Net.
8:55 of 3rd period - Snap shot by Blake Geoffrion.
8:55 of 3rd period - Stopped by Jake Allen with a rebound.
8:57 of 3rd period - Wrist shot by Anton Gustafsson.
8:57 of 3rd period - Deflect By Mark McNeill.
8:57 of 3rd period - Shot Misses the Net.
8:57 of 3rd period - Puck is out of play.
8:58 of 3rd period - Scott Laughton wins face-off versus Daultan Leveillé in Reign zone.
9:03 of 3rd period - Wrist shot by Nicolas Kerdiles.
9:03 of 3rd period - Stopped by Jake Allen with a rebound.
9:05 of 3rd period - Snap shot by Joel Armia.
9:05 of 3rd period - Deflect By Scott Laughton.
9:05 of 3rd period - Stopped by Jake Allen without a rebound.
9:06 of 3rd period - Daultan Leveillé wins face-off versus Scott Laughton in Reign zone.
9:28 of 3rd period - Snap shot by Nicolas Kerdiles.
9:28 of 3rd period - Shot Blocked by Zach Werenski.
9:30 of 3rd period - Snap shot by Scott Laughton.
9:30 of 3rd period - Shot Blocked by Nikita Zadorov.
9:32 of 3rd period - Wrist shot by Joel Armia.
9:32 of 3rd period - Shot Misses the Net.
9:34 of 3rd period - Snap shot by Mat Clark.
9:34 of 3rd period - Shot Misses the Net.
9:36 of 3rd period - Wrist shot by Scott Laughton.
9:36 of 3rd period - Stopped by Jake Allen with a rebound.
9:38 of 3rd period - Wrist shot by Scott Laughton.
9:38 of 3rd period - Goal by Scott Laughton - Reign : 2 - Admirals : 4.
9:39 of 3rd period - Lars Eller wins face-off versus Anton Gustafsson in neutral zone.
9:44 of 3rd period - Slapshot by Lars Eller.
9:44 of 3rd period - Shot Misses the Net.
9:46 of 3rd period - Snap shot by Alex Iafallo.
9:46 of 3rd period - Deflect By Ryan Hartman.
9:46 of 3rd period - Stopped by Niklas Svedberg with a rebound.
9:48 of 3rd period - Wrist shot by Zach Werenski.
9:48 of 3rd period - Shot Misses the Net.
9:50 of 3rd period - Wrist shot by Ryan Hartman.
9:50 of 3rd period - Shot Blocked by Blake Geoffrion.
9:52 of 3rd period - Snap shot by Alex Iafallo.
9:52 of 3rd period - Goal by Alex Iafallo - Reign : 3 - Admirals : 4.
9:53 of 3rd period - Scott Laughton wins face-off versus Daultan Leveillé in neutral zone.
10:39 of 3rd period - Slapshot by Mike Amadio.
10:39 of 3rd period - Stopped by Niklas Svedberg with a rebound.
11:15 of 3rd period - Joel Armia is hit by Josh Manson and loses puck.
11:30 of 3rd period - Snap shot by Brendan Lemieux.
11:30 of 3rd period - Goal by Brendan Lemieux - Reign : 4 - Admirals : 4.
11:31 of 3rd period - Jonathan Drouin wins face-off versus Scott Laughton in neutral zone.
11:37 of 3rd period - Slapshot by Daultan Leveillé.
11:37 of 3rd period - Shot Misses the Net.
11:39 of 3rd period - Slapshot by Zach Werenski.
11:39 of 3rd period - Stopped by Niklas Svedberg without a rebound.
11:40 of 3rd period - Daultan Leveillé wins face-off versus Scott Laughton in Admirals zone.
11:49 of 3rd period - Backhand shot by Mikko Rantanen.
11:49 of 3rd period - Shot Misses the Net.
11:51 of 3rd period - Slapshot by Mikko Rantanen.
11:51 of 3rd period - Shot Blocked by Joel Armia.
11:53 of 3rd period - Slapshot by Nikita Zadorov.
11:53 of 3rd period - Deflect By Scott Laughton.
11:53 of 3rd period - Stopped by Niklas Svedberg with a rebound.
11:55 of 3rd period - Slapshot by Zach Werenski.
11:55 of 3rd period - Stopped by Niklas Svedberg with a rebound.
11:57 of 3rd period - Wrist shot by Daultan Leveillé.
11:57 of 3rd period - Stopped by Niklas Svedberg with a rebound.
13:08 of 3rd period - Slapshot by Jonathan Drouin.
13:08 of 3rd period - Stopped by Niklas Svedberg without a rebound.
13:09 of 3rd period - Anton Gustafsson wins face-off versus Lars Eller in Admirals zone.
14:25 of 3rd period - Slapshot by Griffin Reinhart.
14:25 of 3rd period - Stopped by Niklas Svedberg without a rebound.
14:26 of 3rd period - Sergey Kalinin wins face-off versus Hunter Shinkaruk in Admirals zone.
14:41 of 3rd period - Markus Granlund is hit by Mark Stone and loses puck.
14:52 of 3rd period - Andreas Englund is hit by Dmitri Orlov and loses puck.
15:54 of 3rd period - Wrist shot by Chris Lawrence.
15:54 of 3rd period - Stopped by Jake Allen without a rebound.
15:55 of 3rd period - Nicolas Kerdiles wins face-off versus Lars Eller in Reign zone.
15:58 of 3rd period - Snap shot by Joel Armia.
15:58 of 3rd period - Stopped by Jake Allen without a rebound.
15:59 of 3rd period - Scott Laughton wins face-off versus Lars Eller in Reign zone.
16:32 of 3rd period - Slapshot by Ryan Hartman.
16:32 of 3rd period - Stopped by Niklas Svedberg without a rebound.
16:33 of 3rd period - Anton Gustafsson wins face-off versus Daultan Leveillé in Admirals zone.
16:42 of 3rd period - Slapshot by Anton Gustafsson.
16:42 of 3rd period - Stopped by Jake Allen with a rebound.
16:58 of 3rd period - Matt Roy is hit by T.J Brodie and loses puck.
18:01 of 3rd period - Chris Lawrence is hit by Mikko Rantanen and loses puck.
18:52 of 3rd period - Snap shot by Blake Geoffrion.
18:52 of 3rd period - Stopped by Jake Allen with a rebound.
19:52 of 3rd period - Minor Penalty to Travis Dermott for Roughing.
19:53 of 3rd period - Anton Gustafsson wins face-off versus Ryan Hartman in Admirals zone.
Goals for this period are 2 for Reign vs 3 for Admirals.
Shots for this period are 14 for Reign vs 17 for Admirals.
Overtime #1
0:01 of 1st overtime period - Mark Stone wins face-off versus Anton Gustafsson in neutral zone.
0:04 of 1st overtime period - Slapshot by Nikita Zadorov.
0:04 of 1st overtime period - Stopped by Niklas Svedberg without a rebound.
0:05 of 1st overtime period - Mark Stone wins face-off versus Anton Gustafsson in Admirals zone.
0:14 of 1st overtime period - Snap shot by Mark Stone.
0:14 of 1st overtime period - Stopped by Niklas Svedberg without a rebound.
0:15 of 1st overtime period - Mark Stone wins face-off versus Anton Gustafsson in Admirals zone.
0:22 of 1st overtime period - Snap shot by Mark Stone.
0:22 of 1st overtime period - Shot Blocked by Anton Gustafsson.
0:54 of 1st overtime period - Wrist shot by Mikko Rantanen.
0:54 of 1st overtime period - Stopped by Niklas Svedberg with a rebound.
1:31 of 1st overtime period - Mark Stone is hit by Andreas Englund and loses puck.
1:52 of 1st overtime period - Penalty to Travis Dermott is over, Travis Dermott is back on ice.
1:52 of 1st overtime period - Freddie Hamilton is hit by Zach Werenski and loses puck.
2:03 of 1st overtime period - Wrist shot by Markus Granlund.
2:03 of 1st overtime period - Shot Blocked by Mikko Rantanen.
2:05 of 1st overtime period - Slapshot by Markus Granlund.
2:05 of 1st overtime period - Shot Misses the Net.
2:07 of 1st overtime period - Slapshot by Travis Dermott.
2:07 of 1st overtime period - Stopped by Jake Allen with a rebound.
2:19 of 1st overtime period - Backhand shot by Markus Granlund.
2:19 of 1st overtime period - Shot Misses the Net.
2:21 of 1st overtime period - Snap shot by Markus Granlund.
2:21 of 1st overtime period - Shot Misses the Net.
2:29 of 1st overtime period - Snap shot by Zach Werenski.
2:29 of 1st overtime period - Shot Misses the Net.
2:31 of 1st overtime period - Snap shot by Mikko Rantanen.
2:31 of 1st overtime period - Shot Blocked by Josh Morrissey.
2:41 of 1st overtime period - Wrist shot by Mikko Rantanen.
2:41 of 1st overtime period - Deflect By Ryan Hartman.
2:41 of 1st overtime period - Stopped by Niklas Svedberg without a rebound.
2:42 of 1st overtime period - Mark Stone wins face-off versus Scott Laughton in Admirals zone.
3:21 of 1st overtime period - Nicolas Kerdiles is hit by Sergey Kalinin and loses puck.
3:32 of 1st overtime period - Wrist shot by Sergey Kalinin.
3:32 of 1st overtime period - Shot Misses the Net.
Goals for this period are 0 for Reign vs 0 for Admirals.
Shots for this period are 4 for Reign vs 1 for Admirals.
ShootOut
5:00 of 1st overtime period - Round #1.
5:00 of 1st overtime period - Reign, Lars Eller.
5:00 of 1st overtime period - Wrist shot by Lars Eller.
5:00 of 1st overtime period - Shot Misses the Net.
5:00 of 1st overtime period - Admirals, Markus Granlund.
5:00 of 1st overtime period - Wrist shot by Markus Granlund.
5:00 of 1st overtime period - Shot Misses the Net.
5:00 of 1st overtime period - Round #2.
5:00 of 1st overtime period - Reign, Mikko Rantanen.
5:00 of 1st overtime period - Deke by Mikko Rantanen.
5:00 of 1st overtime period - Shot Misses the Net.
5:00 of 1st overtime period - Admirals, Scott Laughton.
5:00 of 1st overtime period - Wrist shot by Scott Laughton.
5:00 of 1st overtime period - Shot Misses the Net.
5:00 of 1st overtime period - Round #3.
5:00 of 1st overtime period - Reign, Mark Stone.
5:00 of 1st overtime period - Wrist shot by Mark Stone.
5:00 of 1st overtime period - Goal by Mark Stone.
5:00 of 1st overtime period - Admirals, Blake Geoffrion.
5:00 of 1st overtime period - Wrist shot by Blake Geoffrion.
5:00 of 1st overtime period - Goal by Blake Geoffrion.
5:00 of 1st overtime period - Round #4.
5:00 of 1st overtime period - Reign, Daultan Leveillé.
5:00 of 1st overtime period - Deke by Daultan Leveillé.
5:00 of 1st overtime period - Stopped by Niklas Svedberg.
5:00 of 1st overtime period - Admirals, Anton Gustafsson.
5:00 of 1st overtime period - Deke by Anton Gustafsson.
5:00 of 1st overtime period - Goal by Anton Gustafsson.